 Dungeon Crawl Stone Soup version 0.29.1-1-gd02db6906a (webtiles) character file.

Game seed: 2775290581422298701

9 RogueRain17 the Insei (level 2, -1/23 HPs)
             Began as a Gnoll Wanderer on Oct 11, 2022.
             Slain by a jackal (3 damage)
             ... on level 1 of the Dungeon on Oct 12, 2022.
             The game lasted 00:01:16 (463 turns).

RogueRain17 the Insei (Gnoll Wanderer)               Turns: 463, Time: 00:01:17

Health: -1/23      AC:  2    Str: 10    XL:     2   Next: 12%
Magic:  7/7        EV: 11    Int: 12    God:
Gold:   0          SH:  5    Dex: 11    Spells: 9/10 levels left

rFire   . . .      SeeInvis .     - Unarmed
rCold   . . .      Faith    .   c - +0 buckler
rNeg    . . .      Spirit   .   e - +0 robe
rPois   .          Reflect  .   (no helmet)
rElec   .          Harm     .   (no cloak)
rCorr   .          Rampage  .   (no gloves)
Will    .....                   (no boots)
Stlth   +.........              (no amulet)
HPRegen 0.07/turn               (no ring)
MPRegen 0.10/turn               (no ring)

@: no status effects
A: fangs 1, strong nose, distributed training
a: no special abilities


You were on level 1 of the Dungeon.
You visited 1 branch of the dungeon, and saw 1 of its levels.

Inventory:

Armour
 c - a +0 buckler (worn)
 e - a +0 robe (worn)
Jewellery
 h - a ring of flight
Scrolls
 b - a scroll of fear
 g - a scroll of enchant armour {unknown}
 i - a scroll of poison {unknown}
 j - a scroll of torment {unknown}
 l - a scroll of silence {unknown}
 m - 3 scrolls of teleportation {unknown}
Potions
 d - a potion of attraction
 f - a potion of berserk rage
 k - a potion of mutation {unknown}


   Skills:
 + Level 2.4 Fighting
 + Level 0.3 Short Blades
 + Level 0.3 Long Blades
 + Level 0.3 Axes
 + Level 0.3 Maces & Flails
 + Level 0.3 Polearms
 + Level 0.3 Staves
 + Level 0.3 Ranged Weapons
 + Level 0.3 Throwing
 + Level 2.4 Armour
 + Level 0.3 Dodging
 + Level 0.3 Stealth
 + Level 4.4 Shields
 + Level 6.4 Unarmed Combat
 + Level 4.9 Spellcasting
 + Level 0.2 Conjurations
 + Level 0.2 Hexes
 + Level 2.0 Summonings
 + Level 0.2 Necromancy
 + Level 0.2 Translocations
 + Level 0.2 Transmutations
 + Level 0.2 Fire Magic
 + Level 0.2 Ice Magic
 + Level 0.2 Air Magic
 + Level 0.2 Earth Magic
 + Level 0.2 Poison Magic
 + Level 0.4 Invocations
 + Level 0.3 Evocations


You had 9 spell levels left.
You knew the following spells:

 Your Spells              Type           Power      Damage    Failure   Level
a - Summon Small Mammal   Summ           28%        N/A       11%         1

Your spell library contained the following spells:

 Spells                   Type           Power      Damage    Failure   Level
 Call Canine Familiar     Summ           7%         N/A       32%         3


Dungeon Overview and Level Annotations

Branches:
Dungeon (1/15)

Altars:


Innate Abilities, Weirdness & Mutations

You have very sharp teeth.
Your uncanny sense of smell can sniff out nearby items.
Your experience applies equally to all skills.


Message History

You closely miss the jackal.
The jackal is moderately wounded.
The jackal misses you. The jackal barely misses you.
You closely miss the jackal.
The jackal is moderately wounded.
The jackal bites you.
* * * LOW HITPOINT WARNING * * *
You miss the jackal. You bite the jackal.
The jackal is severely wounded.
The jackal barely misses you.
You closely miss the jackal.
The jackal is severely wounded.
The jackal closely misses you. The jackal bites you.
* * * LOW HITPOINT WARNING * * *
You hit the jackal but do no damage. Your bite misses the jackal.
The jackal is severely wounded.
The jackal closely misses you.
You hit the jackal.
You kill the jackal!
You block the jackal's attack.
You have reached level 2!
You barely miss the jackal.
The jackal is heavily wounded.
The jackal misses you.
You barely miss the jackal. You bite the jackal.
The jackal is severely wounded.
The jackal bites you.
* * * LOW HITPOINT WARNING * * *
You closely miss the jackal.
The jackal is severely wounded.
The jackal barely misses you.
You closely miss the jackal.
The jackal is severely wounded.
The jackal bites you but does no damage.
The jackal closely misses you.
You punch the jackal!
You kill the jackal!
You closely miss the jackal. You bite the jackal, but do no damage.
The jackal bites you.
You die...

..#.#######
#....#
#.........#
#....#
#.........#
#....#
#.........#
#....####
#.........#
#........
#.........#
#....####
#.........#
#....# # #h#
#....# # #@#
##..#####
#.#####
#♣..♣....
#.....##
♣....♣###
#####..#
♣PPP♣♣♣..
##.#♣♣P.P.♣♣..
#.#♣P..PPP♣..
#.#♣..P...♣#)
#.#.♣♣♣♣♣♣...
#....♣♣ #.#.


You could see a jackal.

Vanquished Creatures
  2 endoplasms (D:1)
  3 jackals (D:1)
  A ball python (D:1)
  A kobold (D:1)
  A rat (D:1)
8 creatures vanquished.

Notes
Turn   | Place    | Note
-------+----------+-------------------------------------------
     0 | D:1      | RogueRain17 the Gnoll Wanderer began the quest for the Orb.
     0 | D:1      | RogueRain17 set off with the following items: a +0 dagger,
                  | a scroll of fear, a +0 buckler, a potion of attraction, a
                  | +0 robe, a potion of berserk rage; and the following spell
                  | memorised: Summon Small Mammal; and the following spells
                  | available to memorise: Call Canine Familiar.
     0 | D:1      | Reached XP level 1. HP: 17/17 MP: 6/6
   458 | D:1      | Reached XP level 2. HP: 3/23 MP: 7/7
   459 | D:1      | HP: 1/23 [jackal (2)]
   463 | D:1      | Slain by a jackal

Illustrated notes

Levels and vault maps discovered:
D:1:      elethiomel_arrival_infinity_welcomes_careful_drivers, layout_basic,
          serial_forest, infiniplex_forest_clump_double,
          infiniplex_forest_zigzag_1, infiniplex_forest_end_2,
          infiniplex_forest_lined_ring, infiniplex_forest_lined_2,
          infiniplex_forest_clump_C, infiniplex_forest_straight_2,
          hellmonk_ecumenical_altar_lost_god

Skill      XL: |  1 |
---------------+----+-----
Summonings     | 2 |  2.0
Fighting       | |  2.4
Short Blades   | |  0.3
Long Blades    | |  0.3
Axes           | |  0.3
Maces & Flails | |  0.3
Polearms       | |  0.3
Staves         | |  0.3
Ranged Weapons | |  0.3
Throwing       | |  0.3
Armour         | |  2.4
Dodging        | |  0.3
Stealth        | |  0.3
Shields        | |  4.4
Unarmed Combat | |  6.4
Spellcasting   | |  4.9
Conjurations   | |  0.2
Hexes          | |  0.2
Necromancy     | |  0.2
Translocations | |  0.2
Transmutations | |  0.2
Fire Magic     | |  0.2
Ice Magic      | |  0.2
Air Magic      | |  0.2
Earth Magic    | |  0.2
Poison Magic   | |  0.2
Invocations    | |  0.4
Evocations     | |  0.3

Action                   || total
-------------------------++-------
Melee: Unarmed           ||    29
       Dagger            ||    19
       Bite              ||     6
Armor: Robe              ||     8
Dodge: Dodged            ||    25
Block: Buckler           ||    17
